 Dungeon Crawl Stone Soup version 0.17.0-7-gfadd4cc (webtiles) character file.

98 hexophile the Chopper (level 4, -3/37 HPs)
             Began as a Demigod Fighter on Nov 8, 2015.
             Slain by a scorpion (5 damage)
             ... on level 4 of the Dungeon.
             The game lasted 00:02:57 (2474 turns).

hexophile the Chopper (Demigod Fighter)             Turns: 2474, Time: 00:02:57

Health: -3/37      AC:  8    Str: 19    XL:     4   Next: 21%
Magic:  6/6        EV:  7    Int: 14    God:
Gold:   158        SH:  9    Dex: 15    Spells: 0 memorised, 3 levels left

rFire  . . .     SeeInvis .     a - +1 war axe
rCold  + . .     Clarity  .     u - +1 scale mail {rC+} {rC+}
rNeg   . . .     SustAt   +     c - +0 shield
rPois  .         Gourm    .     (no helmet)
rElec  .         Spirit   .     o - +0 cloak
rCorr  .         Warding  .     (no gloves)
rMut   .         Stasis   .     (no boots)
MR     .....                    (no amulet)
Stlth  ..........               (no ring)
                                (no ring)

@: lethally poisoned (-3 -> -6), not resistant to hostile enchantments,
extremely unstealthy
A: high mp 1, sustain attributes
a: no special abilities


You were on level 4 of the Dungeon.
You were not hungry.

You visited 1 branch of the dungeon, and saw 4 of its levels.

You collected 158 gold pieces.


Innate Abilities, Weirdness & Mutations

You have an increased reservoir of magic (+10% MP).
Your attributes are resistant to harm.

Inventory:

Hand Weapons
 a - a +1 war axe (weapon)
Missiles
 m - 9 poisoned needles
Armour
 c - a +0 shield (worn)
 o - a +0 cloak (worn)
 u - a +1 scale mail of cold resistance (worn) {rC+}
Scrolls
 b - 2 scrolls of remove curse
 e - a scroll of magic mapping
 k - a scroll of teleportation
 q - a scroll of fog
 v - a scroll of identify
 w - a scroll of amnesia {unknown}
Potions
 d - a potion of might {Str+5 DMG+1d10}
 f - a potion of agility {Stlth+ Dex+5 EV+5}
 h - 2 potions of curing {unknown}
 i - 2 potions of heal wounds {unknown}
 j - a potion of lignification {unknown}
 l - a potion of mutation {unknown}
 n - a potion of poison {unknown}
 p - a potion of brilliance {unknown}
 s - a potion of magic {unknown}
Comestibles
 g - a meat ration
 r - 3 bread rations
 t - a slice of pizza


You had 3 spell levels left.
You didn't know any spells.


   Skills:
 - Level 2.6 Fighting
 + Level 4.3 Axes
 - Level 2.6 Armour
 - Level 2.6 Shields

Dungeon Overview and Level Annotations

Branches:
Dungeon (4/15)
 Temple: D:4-7

Vault maps used:
D:1:      dpeg_arrival_rhombi
D:3:      grunt_dithmenos_smoke, lemuel_coloured_pillars_altar,
          lemuel_crystal_altar, first_bread
D:4:      grunt_temple_overflow_order_and_chaos_2, xom_teletrap_fun,
          kennysheep_mini, roderic_lattice_a, okawaru_ov_weapons_minmay,
          uniq_natasha
You       could see 2 scorpions.


Message History

The scorpion is lightly wounded.
You hit the scorpion.
The scorpion is heavily wounded.
The scorpion stings you but does no damage.
You block the scorpion's attack.
You closely miss the scorpion.
The scorpion is heavily wounded.
You closely miss the scorpion.
The scorpion is lightly wounded.
You block the scorpion's attack. The scorpion stings you.
You are poisoned.
The scorpion poisons you! The scorpion barely misses you.
The scorpion stings you but does no damage.
You lost 1 HP.
You have now: 30/37 HP.
You barely miss the scorpion.
The scorpion is heavily wounded.
You hit the scorpion.
The scorpion is moderately wounded.
You feel sick. You block the scorpion's attack. The scorpion stings you.
You lost 6 HP.
You have now: 24/37 HP.
You barely miss the scorpion.
The scorpion is heavily wounded.
You hit the scorpion.
The scorpion is heavily wounded.
You feel sick. You block the scorpion's attack. The scorpion stings you.
You hit the scorpion.
The scorpion is severely wounded.
You hit the scorpion.
The scorpion is severely wounded.
You feel sick. The scorpion barely misses you. You block the scorpion's attack.
The scorpion stings you!
* * * LOW HITPOINT WARNING * * *
The scorpion stings you but does no damage. !MASSIVE DAMAGE!
YOU LOST 13 HP!
You have now: 11/37 HP.
You are too injured to fight recklessly!
Unknown command.
You hit the scorpion but do no damage.
The scorpion is severely wounded.
You hit the scorpion.
The scorpion is severely wounded.
The scorpion stings you!
* * * LOW HITPOINT WARNING * * *
You block the scorpion's attack. !MASSIVE DAMAGE!
YOU LOST 8 HP!
You have now: 3/37 HP.
Unknown command.
* * * LOW HITPOINT WARNING * * *
You feel sick. The scorpion stings you.
You die...

Action                   |  1- 3 |  4- 6 || total
-------------------------+-------+-------++-------
Melee: War axe           |   147 |    26 ||   173
  Use: Scroll            |     8 |       ||     8
  Eat: Chunk             |     4 |     1 ||     5

Notes
Turn   | Place    | Note
--------------------------------------------------------------
     0 | D:1      | hexophile the Demigod Fighter began the quest for the Orb.
     0 | D:1      | Reached XP level 1. HP: 18/18 MP: 3/3
    19 | D:1      | Reached skill level 2 in Axes
   200 | D:1      | Reached XP level 2. HP: 25/25 MP: 4/4
   664 | D:1      | Reached skill level 3 in Axes
   886 | D:2      | You fall through a shaft!
   886 | D:3      | Found a glowing golden altar of the Shining One.
  1053 | D:3      | Found a shadowy altar of Dithmenos.
  1060 | D:3      | Found a snail-covered altar of Cheibriados.
  1105 | D:3      | Reached XP level 3. HP: 30/30 MP: 5/5
  1849 | D:2      | Reached skill level 4 in Axes
  2086 | D:4      | Reached XP level 4. HP: 37/37 MP: 6/6
  2164 | D:4      | Found an iron altar of Okawaru.
  2321 | D:4      | Found a shimmering altar of Xom.
  2339 | D:4      | Found a shattered altar of Ashenzari.
  2474 | D:4      | Slain by a scorpion

Table legend:
 A = Turns spent in this place as a percentage of turns spent in the entire game.
 B = Non-inter-level travel turns spent in this place as a percentage of non-inter-level travel turns spent in the entire game.
 C = Inter-level travel turns spent in this place as a percentage of turns spent in this place.
 D = Turns resting spent in this place as a percentage of non-inter-level travel turns spent in this place.
 E = Turns spent auto-exploring this place as a percentage of non-inter-level travel turns spent in this place.
 F = Non-inter-level travel turns spent in this place divided by the number of levels of this place that you've seen.
                   A       B       C       D       E      F
               +-------+-------+-------+-------+-------+----------------------
         Total | 100.0 | 100.0 |   0.9 |   0.8 |  15.6 | 199.2
       Dungeon | 100.0 | 100.0 |   0.9 |   0.8 |  15.6 | 199.2
               +-------+-------+-------+-------+-------+----------------------

Table legend:
 A = Kills in this place as a percentage of kills in entire the game.
 B = Kills by you in this place as a percentage of kills by you in the entire game.
 C = Kills by friends in this place as a percentage of kills by friends in the entire game.
 D = Other kills in this place as a percentage of other kills in the entire game.
 E = Experience gained in this place as a percentage of experience gained in the entire game.
 F = Experience gained in this place divided by the number of levels of this place that you have seen.
                   A       B       C       D       E      F
               +-------+-------+-------+-------+-------+----------------------
         Total | 100.0 | 100.0 |  -nan |  -nan | 100.0 |  35.2
       Dungeon | 100.0 | 100.0 |  -nan |  -nan | 100.0 |  35.2
               +-------+-------+-------+-------+-------+----------------------

Vanquished Creatures
  3 adders
  3 worms
  3 giant geckos
  2 orcs
  5 bats
  2 giant cockroaches
  10 goblins
  2 hobgoblins
  6 jackals
  8 kobolds
  5 giant newts
  7 rats
56 creatures vanquished.
